 Dungeon Crawl Stone Soup version 0.31.0-32-g396128a36d (webtiles) character file.

Game seed: 5679497320858946182

650 spaghetti the Carver (level 7, -1/54 (62) HPs)
             Began as a Naga Berserker on Mar 25, 2024.
             Was a Follower of Trog.
             Slain by a hell rat (2 damage)
             ... on level 5 of the Dungeon.
             The game lasted 00:04:49 (5089 turns).

spaghetti the Carver (Naga Berserker)               Turns: 5089, Time: 00:04:50

HP:   -1/54 (62)    AC:  3    Str: 20    XL:     7   Next: 53%
MP:   6/6           EV: 10    Int:  7    God:    Trog [*.....]
Gold: 848           SH:  0    Dex: 12    Spells: 6/6 levels left

rFire   . . .        a - +1 falchion
rCold   + . .        (no shield)
rNeg    . . .        b - +0 animal skin
rPois   +            (no helmet)
rElec   .            (no cloak)
rCorr   .            (no gloves)
SInv    +            (no barding)
Will    ++...        (no amulet)
Stlth   +            (no ring)
HPRegen 1.29/turn    (no ring)
MPRegen 0.10/turn

%: no passive effects
@: mighty, strong-willed (expiring), on berserk cooldown, regenerating
(expiring), hasted and slowed, heavily drained, very slow
A: AC +2, large, see invisible, deformed body, poison resistance, slowness 2,
spit poison 1, naga tail 1, cold resistance 1, low MP 1
a: Spit Poison, Renounce Religion, Berserk


You were on level 5 of the Dungeon.
You worshipped Trog.
Trog was aware of your devotion.
You visited 1 branch of the dungeon, and saw 5 of its levels.

You collected 848 gold pieces.

Inventory:

Hand Weapons
 a - a +1 falchion (weapon)
 i - a +1 broad axe of flaming
Armour
 b - a +0 animal skin (worn)
Scrolls
 c - a scroll of enchant weapon
 f - a scroll of identify
 g - 2 scrolls of immolation


   Skills:
 - Level 3.0 Fighting
 + Level 8.5 Long Blades
 - Level 1.5 Armour
 - Level 1.5 Dodging


You had 6 spell levels left.
You didn't know any spells.
Your spell library was empty.

Dungeon Overview and Level Annotations

Branches:
Dungeon (5/15)
 Temple: D:4-7

Altars:
Cheibriados
Kikubaaqudgha
Okawaru
Yredelemnul


Innate Abilities, Weirdness & Mutations

Your serpentine skin is tough. (AC +2)
You have supernaturally acute eyesight. (SInv)
Armour fits poorly on your strangely shaped body.
Your system is resistant to poisons. (rPois)
You cover ground very slowly.
You can spit poison.
You have a snake-like lower body.
Your flesh is cold resistant. (rC+)
Your magical capacity is low. (-10% MP)


Message History

You barely miss the river rat. The river rat bites you.
You barely miss the river rat.
The river rat bites you but does no damage.
You hit the river rat.
The river rat is heavily wounded.
You are no longer berserk.
You are exhausted.
You feel yourself slow down.
You barely miss the river rat.
The river rat is heavily wounded.
The river rat bites you but does no damage.
A hell rat comes into view.
The river rat barely misses you.
Okay, then.
Okay, then.
You feel yourself speed up. The river rat bites you.
You feel very mighty all of a sudden. The river rat bites you.
You slash the river rat!
You kill the river rat!
Trog accepts your kill.
You are too injured to fight recklessly!
You hit the hell rat but do no damage.
You feel the effects of Trog's Hand fading.
The hell rat bites you.
You feel drained.
You slash the hell rat!
The hell rat is heavily wounded.
The hell rat closely misses you.
You slash the hell rat!
The hell rat is almost dead.
The hell rat bites you.
* * * LOW HITPOINT WARNING * * *
You feel drained.
* * * LOW HITPOINT WARNING * * *
You barely miss the hell rat.
The hell rat is almost dead.
The hell rat bites you!
* * * LOW HITPOINT WARNING * * *
You feel drained.
You die...

#########
###.#...#.####
##..#.###.#..†##
##.#####
######.# ###.##
###. ##..##
##..# #.###
#.### ##†##
##.## #.#@# ##.#
####r.# ##.##
##... #^.# ###
##..# #.#### ###
#.#...
....###.†.##
#...†....
#.#....##


You could see a hell rat.

Vanquished Creatures
  A scorpion (D:4)
  2 howler monkeys
  An orc priest (D:4)
  A jelly (D:5)
  4 iguanas
  A hell rat (D:5)
  An orc wizard (D:4)
  3 gnolls (D:4)
  7 adders
  12 river rats (D:5)
  3 dart slugs
  A ribbon worm (D:3)
  10 orcs
  4 endoplasms
  4 giant cockroaches
  5 goblins
  5 hobgoblins
  4 jackals
  7 kobolds
  4 quokkas
  8 ball pythons
  5 bats
  A frilled lizard (D:1)
  10 rats
104 creatures vanquished.

Notes
Turn   | Place    | Note
-------+----------+-------------------------------------------
     0 | D:1      | spaghetti the Naga Berserker began the quest for the Orb.
     0 | D:1      | Reached XP level 1. HP: 21/21 MP: 1/1
   119 | D:1      | Reached XP level 2. HP: 24/28 MP: 2/2
   389 | D:1      | Reached skill level 4 in Long Blades
   479 | D:1      | Gained mutation: Your magical capacity is low. (-10% MP)
                  | [potion of mutation]
   479 | D:1      | Gained mutation: Your flesh is cold resistant. (rC+)
                  | [potion of mutation]
   556 | D:1      | Reached XP level 3. HP: 31/34 MP: 2/2
  1313 | D:2      | Found a faded altar of an unknown god.
  1337 | D:2      | Identified a scroll of acquirement
  1374 | D:2      | Reached ** piety under Trog
  1466 | D:2      | Found a basalt altar of Yredelemnul.
  1471 | D:2      | Reached XP level 4. HP: 38/42 MP: 3/3
  1647 | D:2      | Reached skill level 5 in Long Blades
  1894 | D:2      | Acquired 670 gold pieces
  2221 | D:3      | HP: 1/63 [orc/+0 hand axe (5)]
  2654 | D:3      | Found an ancient bone altar of Kikubaaqudgha.
  2680 | D:3      | Reached XP level 5. HP: 49/49 MP: 4/4
  3034 | D:3      | Reached skill level 6 in Long Blades
  3384 | D:4      | Reached XP level 6. HP: 30/56 MP: 5/5
  3662 | D:4      | Reached skill level 7 in Long Blades
  3857 | D:4      | Found a snail-covered altar of Cheibriados.
  4449 | D:5      | Entered Level 5 of the Dungeon
  4473 | D:5      | Reached XP level 7. HP: 34/62 MP: 6/6
  4585 | D:5      | Found an iron altar of Okawaru.
  4826 | D:5      | Reached skill level 8 in Long Blades
  5089 | D:5      | HP: 1/57 [hell rat (14)]
  5089 | D:5      | Slain by a hell rat

Illustrated notes

Levels and vault maps discovered:
D:1:      dpeg_arrival_triangle_fractal, layout_basic, serial_rivers,
          chequers_serial_rivers_marsh, chequers_serial_rivers_marsh,
          chequers_serial_rivers_small_b, chequers_serial_rivers_small_b,
          minmay_tripent
D:2:      layout_loops_ring, nicolae_ecumenical_snake_handling, basic_altar
D:3:      layout_basic, nicolae_kikubaaqudgha_miasma_corner,
          chequers_serial_rivers_micro_d
D:4:      layout_loops_corners, cheibriados_altar_1, serial_rivers,
          chequers_serial_rivers_room_b, chequers_serial_rivers_room_b,
          chequers_serial_rivers_marsh, chequers_serial_rivers_small_a,
          chequers_serial_rivers_micro_a, chequers_serial_rivers_micro_b
D:5:      wander_guarded_unrand_ratskin, layout_loops_cross,
          okawaru_ov_weapons_minmay, lemuel_doored_altar, lemuel_crystal_altar

Skill      XL: |  1  2  3  4  5  6  7 |
---------------+----------------------+-----
Long Blades    | 4 5 6 7 8 |  8.5
Fighting       | |  3.0
Armour         | |  1.5
Dodging        | |  1.5

Action                     |  1- 3 |  4- 6 |  7- 9 || total
---------------------------+-------+-------+-------++-------
  Melee: Falchion          |   101 |   188 |    83 ||   372
         Punch             |     2 |     1 |     2 ||     5
 Invoke: Berserk           |     2 |     8 |     5 ||    15
         Trog's Hand       |       |     1 |     3 ||     4
Ability: Spit Poison       |     1 |     1 |     1 ||     3
    Use: Scroll            |     4 |     2 |     1 ||     7
         Potion            |     1 |     7 |     2 ||    10
 Armour: Animal skin       |    65 |   145 |    51 ||   261
  Dodge: Dodged            |    53 |   117 |    38 ||   208
